 Dungeon Crawl Stone Soup version 0.20.1-1-g8b1a95d66d (webtiles) character file.

82 Kanelkatt the Caller (level 4, -7/39 HPs)
             Began as a Troll Summoner on Nov 30, 2017.
             Mangled by Meaglor's ghost (10 damage)
             ... on level 3 of the Dungeon.
             The game lasted 00:15:15 (1099 turns).

Kanelkatt the Caller (Troll Summoner)               Turns: 1099, Time: 00:15:15

Health: -7/39      AC:  6    Str: 16    XL:     4   Next: 21%
Magic:  1/4        EV: 10    Int: 17    God:
Gold:   90         SH:  0    Dex: 10    Spells: 3/5 levels left

rFire    . . .     SeeInvis .   s - +0 short sword
rCold    . . .     Gourm    +   (no shield)
rNeg     . . .     Faith    .   o - +0 robe
rPois    .         Spirit   .   (helmet restricted)
rElec    .         Reflect  .   r - +0 cloak
rCorr    +         Harm     .   (gloves unavailable)
MR       .....                  (boots unavailable)
Stlth    +.........             (no amulet)
Regen    0.6/turn               f - ring of resist corrosion
MPRegen  0.1/turn               (no ring)

@: brilliant, lethally poisoned (-7 -> -14)
A: unfitting armour, claws 3, fast metabolism 3, gourmand, regeneration 1,
shaggy fur 1, tough skin 2
a: no special abilities


You were on level 3 of the Dungeon.
You were completely stuffed.

You visited 1 branch of the dungeon, and saw 3 of its levels.

You collected 90 gold pieces.

Inventory:

Hand Weapons
 g - a +0 dagger
 l - a +0 hand axe
 m - a +0 whip
 n - a +0 club
 q - a +0 spear
 s - a +0 short sword (weapon)
Armour
 a - a +0 robe
 o - a +0 robe (worn)
 r - a +0 cloak (worn)
Jewellery
 d - an uncursed amulet of rage {unknown}
 f - a ring of resist corrosion (left claw)
Scrolls
 e - 2 scrolls of remove curse
Potions
 k - a potion of berserk rage
Books
 b - a book of Callings

   Spells                             Type                      Level
   a - Summon Small Mammal            Summoning                    1
   b - Call Imp                       Summoning                    2
   c - Call Canine Familiar           Summoning                    3
   d - Summon Guardian Golem          Hexes/Summoning              3
   e - Summon Lightning Spire         Summoning/Air                4
   f - Summon Ice Beast               Ice/Summoning                4
Comestibles
 c - 3 bread rations
 h - 2 fruits
 j - a royal jelly


   Skills:
 + Level 0.2 Fighting
 + Level 0.5(0.7) Axes
 + Level 0.5(0.7) Maces & Flails
 + Level 2.4 Dodging
 + Level 1.2 Stealth
 + Level 1.1 Unarmed Combat
 + Level 1.2 Spellcasting
 + Level 3.2 Summonings


You had 3 spell levels left.
You knew the following spells:

 Your Spells              Type           Power        Failure   Level  Hunger
b - Call Imp              Summ           ###.....     1%          2    ###....


Dungeon Overview and Level Annotations

Branches:
Dungeon (3/15)

Altars:

Annotations:
D:3 Meaglor's ghost, amateur TeSu


Innate Abilities, Weirdness & Mutations

You are too large for most types of armour.
You have claws for hands.
Your metabolism is lightning-fast.
You like to eat raw meat.
Your natural rate of healing is unusually fast.
You are covered in fur. (AC +1)
You have very tough skin. (AC +2)


Message History

The giant cockroach bites you but does no damage.
Meaglor's ghost gestures wildly while chanting.
It was a potion of brilliance.
You feel clever all of a sudden.
You feel sick. The shadow imp closely misses you.
Your shadow imp barely misses the shadow imp.
The giant cockroach bites you but does no damage.
The crimson imp hits you but does no damage.
Meaglor's ghost hits you!
* * * LOW HITPOINT WARNING * * *
Okay, then.
You eat the meat ration.
That meat ration really hit the spot!
* * * LOW HITPOINT WARNING * * *
You feel sick.
Your crimson imp hits the giant cockroach but does no damage.
The shadow imp completely misses you.
Your shadow imp hits the shadow imp.
The shadow imp dies!
The giant cockroach bites you but does no damage.
The crimson imp barely misses you. Meaglor's ghost hits you!
You die...

.. #.# ... .
########.#
...###........##
#.............##
.###.<.5......#
.......<5@.......
....?...sW55.....
....#....w......#
..!...........?..
.....%#........##
####............#
#.#........... #
............


You could see a worm, Meaglor's ghost, 2 crimson imps, a giant cockroach, a
friendly crimson imp and a friendly shadow imp.

Vanquished Creatures
  Jessica (D:2)
  2 adders (D:2)
  An ooze (D:1)
  A dart slug (D:1)
  2 giant cockroaches (D:1)
  2 hobgoblins (D:1)
  2 jackals (D:1)
  3 bats (D:1)
  4 frilled lizards
  4 goblins
  5 kobolds
  7 rats (D:1)
  A plant (D:1)
35 creatures vanquished.

Vanquished Creatures (collateral kills)
  An adder (D:2)
  A bat (D:1)
  A frilled lizard (D:1)
3 creatures vanquished.

Grand Total: 38 creatures vanquished

Notes
Turn   | Place    | Note
-------+----------+-------------------------------------------
     0 | D:1      | Kanelkatt the Troll Summoner began the quest for the Orb.
     0 | D:1      | Reached XP level 1. HP: 16/16 MP: 1/1
    97 | D:1      | Reached skill level 3 in Summonings
   104 | D:1      | Reached XP level 2. HP: 22/24 MP: 2/2
   238 | D:1      | Learned a level 2 spell: Call Imp
   364 | D:1      | Reached skill level 1 in Unarmed Combat
   634 | D:1      | Reached XP level 3. HP: 31/31 MP: 3/3
   780 | D:2      | Noticed Jessica
   794 | D:2      | Killed Jessica
   886 | D:2      | Reached XP level 4. HP: 30/39 MP: 4/4
  1086 | D:3      | Noticed Meaglor's ghost (amateur TeSu)
  1099 | D:3      | Mangled by Meaglor's ghost

Skill      XL: |  1  2  3 |
---------------+----------+-----
Summonings     | 3 |  3.2
Unarmed Combat | 1 |  1.1
Dodging        | 2 |  2.4
Fighting       | |  0.2
Axes           | |  0.5
Maces & Flails | |  0.5
Stealth        | |  1.2
Spellcasting   | |  1.2

Action                   |  1- 3 |  4- 6 || total
-------------------------+-------+-------++-------
Melee: Unarmed           |    79 |       ||    79
       Whip              |    20 |       ||    20
       Hand axe          |    44 |       ||    44
       Spear             |     5 |    18 ||    23
       Short sword       |       |     6 ||     6
 Cast: Call Imp          |     3 |     2 ||     5
       Summon Small Mamm |     1 |       ||     1
  Use: Scroll            |     6 |     1 ||     7
       Potion            |     1 |     1 ||     2
 Stab: Sleeping          |     1 |       ||     1
       Distracted        |     1 |       ||     1
  Eat: Chunk             |    12 |     2 ||    14
       Meat ration       |       |     1 ||     1
Armor: Robe              |   111 |    18 ||   129
Dodge: Dodged            |   138 |    23 ||   161
